Map: Orbital Shipyard

Players

LilDicky

  • Race: Terran Terran
  • League: Diamond

person - Winner!

  • Race: Zerg Zerg
  • League: Diamond

VOD

http://www.twitch.tv/tumescentpie

Description

Time

  • Played on: Jan. 1, 2016, 11:46 p.m.
  • Length: 5:41
Show
View Real Time Build Order
Export as new Build Order

LilDicky Terran 

Build Orders:  

Get SALT Encoding   

  12  0:03  SCV  
  13  0:15  SCV  
  13  0:20  Supply Depot  
  14  0:28  SCV  
  15  0:41  SCV  
  16  0:53  SCV  
  17  1:06  SCV  
  18  1:18  SCV  
  18  1:21  Command Center  
  19  1:30  SCV  
  20  1:42  SCV  
  20  1:43  Command Center  
  21  2:01  SCV  
  22  2:16  SCV  
  23  2:27  Supply Depot  
  23  2:34  SCV  
  23  2:35  SCV  
  24  2:47  SCV  
  24  2:49  SCV  
  26  2:56  SCV  
  26  2:59  Command Center  
  26  3:02  SCV  
  26  3:04  SCV  
  28  3:06  Command Center  
  25  3:13  SCV  
  25  3:15  SCV  
  27  3:20  SCV  
  27  3:26  SCV  
  29  3:42  SCV x3  
  32  3:54  SCV x3  
  35  4:06  SCV  
  35  4:07  SCV  
  37  4:15  SCV  
  37  4:16  SCV  
  39  4:18  SCV  
  40  4:27  SCV  
  40  4:28  SCV  
  43  4:36  SCV  
  33  5:00  SCV  
  33  5:07  Command Center  
Show
View Real Time Build Order
Export as new Build Order

person Zerg - Winner!

Build Orders: Hatch First 

Get SALT Encoding   

  12  0:02  Drone  
  13  0:13  Overlord  
  13  0:24  Drone  
  14  0:34  Drone x2  
  16  0:39  Drone  
  17  0:54  Hatchery  
  17  0:56  Drone  
  17  1:02  Drone  
  18  1:24  Drone x2, Spawning Pool  
  18  1:25  Extractor  
  18  1:37  Drone  
  19  1:49  Overlord  
  19  2:12  Zergling x2  
  19  2:13  Zergling x6  
  23  2:16  Extractor  
  23  2:19  Queen x2  
  26  2:23  Drone  
  26  2:24  Drone  
  29  2:49  Zergling x8  
  33  2:58  Queen  
  33  3:00  Metabolic Boost  
  35  3:18  Zergling x2  
  35  3:19  Zergling x2  
  36  3:26  Baneling Nest  
  35  3:35  Overlord  
  35  3:38  Overlord x2  
  35  3:53  Queen  
  37  4:05  Drone x6  
  37  4:06  Drone x2  
  37  4:09  Baneling x3  
  45  4:10  Baneling x4  
  45  4:11  Overlord  
  41  4:39  Zergling x12  
  41  4:44  Spore Crawler  
  46  4:46  Spore Crawler  
  45  4:56  Extractor  
  45  4:57  Extractor  
  45  4:59  Extractor  
  42  5:15  Drone x3  
  45  5:28  Drone  
  45  5:29  Drone x8  
Tags
 
Add a new tag
Caveats
  • Supply blocks, unpowered buildings, or Contaminate may cause inaccurate times.
  • Supply counts are checked every 10 seconds.